 Dungeon Crawl Stone Soup version 0.20.0-15-g7f486f2 (webtiles) character file.

834 angvis the Spear-Bearer (level 7, -8/62 HPs)
             Began as a Minotaur Berserker on June 26, 2017.
             Was an Elder of Trog.
             Mangled by an orc warrior
             ... wielding a +2 halberd of flaming
              (20 damage)
             ... on level 4 of the Dungeon.
             The game lasted 00:13:46 (4663 turns).

angvis the Spear-Bearer (Minotaur Berserker)        Turns: 4663, Time: 00:13:47

Health: -8/62      AC:  7    Str: 22    XL:     7   Next: 66%
Magic:  6/6        EV: 12    Int:  4    God:    Trog [****..]
Gold:   204        SH:  0    Dex: 11    Spells: 6/6 levels left

rFire    . . .     SeeInvis .   a - +0 spear
rCold    . . .     Gourm    .   (no shield)
rNeg     . . .     Faith    .   p - +0 ring mail
rPois    .         Spirit   .   (helmet restricted)
rElec    .         Reflect  .   (no cloak)
rCorr    .         Harm     .   (no gloves)
MR       .....                  q - +0 pair of boots
Stlth    +.........             (no amulet)
Regen    0.2/turn               (no ring)
MPRegen  0.1/turn               (no ring)

@: no status effects
A: retaliatory headbutt, horns 2
a: Berserk, Trog's Hand, Brothers in Arms, Burn Spellbooks, Renounce Religion


You were on level 4 of the Dungeon.
You worshipped Trog.
Trog was greatly pleased with you.
You were not hungry.

You visited 1 branch of the dungeon, and saw 5 of its levels.

You collected 204 gold pieces.

Inventory:

Hand Weapons
 a - a +0 spear (weapon)
Armour
 p - a +0 ring mail (worn)
 q - a +0 pair of boots (worn)
Scrolls
 d - a scroll of magic mapping {unknown}
 e - 3 scrolls of enchant armour {unknown}
 g - a scroll of blinking {unknown}
 h - 4 scrolls of teleportation {unknown}
 i - 5 scrolls of identify {unknown}
 k - a scroll of immolation {unknown}
 l - a scroll of recharging {unknown}
 n - 3 scrolls of amnesia {unknown}
 r - 2 scrolls of fear {unknown}
 t - 2 scrolls of remove curse {unknown}
Potions
 b - 2 potions of might {unknown}
 j - a potion of agility {unknown}
 s - a potion of brilliance {unknown}
 u - a potion of cancellation {unknown}
Comestibles
 c - 2 bread rations
 f - 2 royal jellies
 m - 3 fruits
 o - a meat ration
 v - 10 chunks of flesh


   Skills:
 + Level 5.7 Fighting
 + Level 8.7 Polearms
 + Level 4.3 Armour
 + Level 3.7 Dodging


You had 6 spell levels left.
You didn't know any spells.

Dungeon Overview and Level Annotations

Branches:
Dungeon (5/15)             Temple (0/1) D:4

Altars:
Kikubaaqudgha
Makhleb
Trog
Xom
Yredelemnul
Zin

Shops:
D:4 %


Innate Abilities, Weirdness & Mutations

You reflexively headbutt those who attack you in melee.
You have a pair of horns on your head.


Message History

The orc warrior barely misses you. You furiously retaliate!
You headbutt the orc warrior, but do no damage.
You barely miss the orc warrior. Your headbutt misses the orc warrior.
The orc warrior is lightly wounded.
You hit the orc warrior but do no damage.
The orc warrior is lightly wounded.
The orc warrior barely misses you.
You hit the orc warrior but do no damage.
You headbutt the orc warrior!
The orc warrior is heavily wounded.
You barely miss the orc warrior.
The orc warrior is heavily wounded.
The orc warrior closely misses you. You furiously retaliate!
You headbutt the orc warrior, but do no damage.
You hit the orc warrior but do no damage.
The orc warrior is heavily wounded.
You closely miss the orc warrior. You headbutt the orc warrior.
The orc warrior is heavily wounded.
The orc warrior hits you with a halberd of flaming!!
You die...

.........# ##### ##......⌠.⌠..#
.........# ##...## ##....8.>.8.#
.........###.....### ##....⌠.⌠..#
.........##.[......####.<.8.8.8.#
.........##.........#.).........#
........###.............#########
........##.............##
.....##..#(....)o).....## #
########.......)@)......## ##
##......))........# #####. ##
##................####.(..#
.######..#.....................##
.....##)###...................##
.......## #..................##
.......## #.......####......#####
.#.#....# ##.###### ####..####..
........# ### ##.###...


You could see an orc warrior.

Vanquished Creatures
  2 ogres (D:4)
  A bullfrog (D:4)
  A scorpion (D:4)
  A howler monkey (D:4)
  A hound (D:5)
  An orc priest (D:4)
  3 orc wizards
  3 worker ants (D:4)
  3 worker ant zombies (D:2)
  A howler monkey skeleton (D:4)
  6 gnolls (D:4)
  5 adders
  A shadow imp (D:4)
  2 adder skeletons (D:2)
  An adder zombie (D:2)
  2 worms
  3 dart slugs (D:1)
  3 leopard geckos
  17 orcs
  14 bats
  2 bat skeletons (D:2)
  A bat zombie (D:2)
  3 giant cockroaches
  14 hobgoblins
  7 jackals
  5 kobolds
  4 quokkas
  A ball python (D:3)
  A ball python skeleton (D:2)
  A ball python zombie (D:2)
  9 frilled lizards
  8 goblins
  A jackal zombie (D:2)
  A leopard gecko skeleton (D:4)
  A leopard gecko zombie (D:2)
  2 quokka zombies
  3 rats
135 creatures vanquished.

Notes
Turn   | Place    | Note
-------+----------+-------------------------------------------
     0 | D:1      | angvis the Minotaur Berserker began the quest for the Orb.
     0 | D:1      | Reached XP level 1. HP: 19/19 MP: 0/0
   120 | D:1      | Reached XP level 2. HP: 19/27 MP: 1/1
   405 | D:1      | Reached skill level 4 in Polearms
   818 | D:1      | Reached XP level 3. HP: 29/33 MP: 2/2
  1090 | D:2      | Reached ** piety under Trog
  1194 | D:2      | Reached skill level 5 in Polearms
  1202 | D:2      | Reached XP level 4. HP: 32/40 MP: 3/3
  1864 | D:2      | Found an opulent altar of Gozag.
  1864 | D:2      | Found an ancient bone altar of Kikubaaqudgha.
  1864 | D:2      | Found a shimmering altar of Xom.
  1864 | D:2      | Found a white marble altar of Elyvilon.
  1864 | D:2      | Found a glowing silver altar of Zin.
  1864 | D:2      | Found a snail-covered altar of Cheibriados.
  2403 | D:3      | Reached *** piety under Trog
  2403 | D:3      | Reached XP level 5. HP: 35/47 MP: 4/4
  2412 | D:3      | Reached skill level 6 in Polearms
  2781 | D:3      | Found a bloodstained altar of Trog.
  2781 | D:3      | Found a burning altar of Makhleb.
  2781 | D:3      | Found a basalt altar of Yredelemnul.
  2781 | D:3      | Found a shimmering altar of Xom.
  3042 | D:4      | Reached skill level 5 in Fighting
  3202 | D:4      | Reached XP level 6. HP: 48/56 MP: 5/5
  3222 | D:4      | Reached skill level 7 in Polearms
  3332 | D:4      | Found a staircase to the Ecumenical Temple.
  3347 | D:4      | Reached **** piety under Trog
  3775 | D:4      | Found Lykeg's Food Emporium.
  3955 | D:4      | Reached XP level 7. HP: 52/61 MP: 6/6
  3969 | D:4      | Reached skill level 8 in Polearms
  4213 | D:5      | Entered Level 5 of the Dungeon
  4663 | D:4      | Mangled by an orc warrior

Skill      XL: |  1  2  3  4  5  6  7 |
---------------+----------------------+-----
Fighting       | 4 5 |  5.7
Polearms       | 4 5 6 7 8 |  8.7
Armour         | 3 4 |  4.3
Dodging        | 3 |  3.7

Action                   |  1- 3 |  4- 6 |  7- 9 || total
-------------------------+-------+-------+-------++-------
Melee: Spear             |   101 |   253 |    82 ||   436
       Headbutt          |    11 |    38 |    17 ||    66
 Stab: Sleeping          |     1 |     3 |       ||     4
  Eat: Chunk             |     1 |     8 |     2 ||    11
       Fruit             |       |       |     1 ||     1
Armor: Animal skin       |    13 |     7 |       ||    20
       Ring mail         |       |    24 |    17 ||    41
Dodge: Dodged            |    49 |    86 |    47 ||   182
